 Dungeon Crawl Stone Soup version 0.27.1-37-g7b29ead8ac (console) character file.

Game seed: 10750898669631201388

376 grimtooth the Magician (level 7, 0/50 HPs)
             Began as a Djinni Fire Elementalist on Mar 8, 2023.
             Slain by an orc (7 damage)
             ... on level 4 of the Dungeon.
             The game lasted 00:13:45 (3936 turns).

grimtooth the Magician (Djinni Fire Elementalist)   Turns: 3936, Time: 00:13:45

Health: 0/50       AC:  3    Str:  7    XL:     7   Next: 3%
Gold:   114        EV: 12    Int: 19    God:
                   SH:  0    Dex: 13

rFire    + + .     SeeInvis .   h - +0 dagger
rCold    x . .     Faith    .   (no shield)
rNeg     . . .     Spirit   .   a - +0 robe
rPois    ∞         Reflect  .   (no helmet)
rElec    .         Harm     .   k - +0 cloak
rCorr    .         Rampage  .   (no gloves)
Will     .....                  (boots unavailable)
Stlth    +.........             (no amulet)
HPRegen  0.16/turn              (no ring)
MPRegen  0.00/turn              (no ring)

@: confused, ambrosia-drunk, flying
A: sickness immunity, fire resistance 2, cold vulnerability 1, float, innate
caster, hp casting, extra vitality 1
a: no special abilities


You were on level 4 of the Dungeon.
You visited 1 branch of the dungeon, and saw 4 of its levels.

You collected 114 gold pieces.

Inventory:

Hand Weapons
 h - a +0 dagger (weapon)
Missiles
 c - 54 stones
 e - 13 boomerangs
 j - 17 poisoned darts
 n - 15 sling bullets
Armour
 a - a +0 robe (worn)
 k - a +0 cloak (worn)
Scrolls
 b - 2 scrolls of identify {unknown}
 i - a scroll of blinking {unknown}
 m - 4 scrolls of teleportation {unknown}
Potions
 f - a potion of curing {unknown}
 g - a potion of degeneration {unknown}
 l - a potion of berserk rage {unknown}


   Skills:
 + Level 3.5 Fighting
 - Level 2.4 Dodging
 - Level 1.7 Stealth
 * Level 4.7 Spellcasting


You couldn't memorise any spells.
You knew the following spells:

 Your Spells              Type           Power      Damage    Failure   Level
a - Foxfire               Conj/Fire      88%        2x1d8     1%          1
b - Conjure Flame         Conj/Fire      22%        6-21      5%          3
c - Call Imp              Summ           22%        N/A       2%          2
d - Sticky Flame          Conj/Fire      22%        2d4       19%         4
f - Fireball              Conj/Fire      11%        3d7       45%         5
i - Inner Flame           Hex/Fire       22%        N/A       5%          3
s - Swiftness             Air            22%        N/A       5%          3
x - Animate Skeleton      Necr           44%        N/A       1%          1
Your spell library was empty.

Dungeon Overview and Level Annotations

Branches:
Dungeon (4/15)             Temple (0/1) D:4

Altars:
Gozag
Vehumet
The Shining One

Annotations:
D:3 Grinder


Innate Abilities, Weirdness & Mutations

You are immune to sickness and miasma.
You are immune to poison.
Your flesh is very heat resistant. (rF++)
You are vulnerable to cold. (rC-)
You float through the air rather than walking.
You learn spells naturally, not from books.
Your magical power is your life essence.
You have superior vitality. (+4 HP)


Message History

You conjure some foxfire!
The foxfire hits something.
You closely miss something.
The foxfire hits something.
Casting: Foxfire (safe; 1% risk of failure)
Confirm with . or Enter, or press ? or * to list all spells.
You conjure some foxfire!
Something hits you.
You hit something but do no damage.
The foxfire hits something but does no damage.
Something hits you.
Casting: Foxfire (safe; 1% risk of failure)
Confirm with . or Enter, or press ? or * to list all spells.
Nothing appears to happen.
The orc hits you with a +2 vorpal flail.
Something hits you.
You hit something.
The orc hits you with a +2 vorpal flail!
You hear some strange, mumbled words.
A puff of flame appears from out of thin air!
The puff of flame misses you.
You miss something.
The orc hits you with a +2 vorpal flail.
* * * LOW HITPOINT WARNING * * *
x2 Something hits you.
* * * LOW HITPOINT WARNING * * *
You hit something but do no damage. The orc closely misses you.
Something hits you.
* * * LOW HITPOINT WARNING * * *
Press: ? - help, v - describe, . - travel
Here: an orc, wielding a +2 vorpal flail and wearing a +0 leather armour The floor.
Enter note: - aw crap It was a potion of ambrosia.
You are confused.
You feel invigorated. The orc closely misses you. Something hits you.
* * * LOW HITPOINT WARNING * * *
The orc hits you with a +2 vorpal flail!
* * * LOW HITPOINT WARNING * * *
x2 Something hits you.
* * * LOW HITPOINT WARNING * * *
The orc hits you with a +2 vorpal flail!
You die...

......'..)>....#.#
......##.†####.#.###
......##..#.##.....#
......##....##.#†#.#
..###.###.#....#.#.#
.. #..##.######.#.#
. ##.##.##.....#.#
...#.....##.#####.#
.P...........# ..#.#
.>....#.#.#..###{#.#
..Po#.........Zo@#.#
.P..#.#...#.######.#
#.. #.#.....#......#
#.. #.##.Z###.######
...># #.# .....#
#)######### .....#
#.........# # ......
#########.# # #.##.#
# #.##.# # #....#


You could see an orc and a water moccasin skeleton.

Vanquished Creatures
  A black bear (D:4)
  3 scorpions
  An iguana (D:4)
  A killer bee zombie (D:4)
  4 adders
  An orc (D:4)
  7 endoplasms
  A giant cockroach (D:2)
  A goblin (D:1)
  4 hobgoblins
  9 jackals
  2 kobolds
  A quokka (D:4)
  A ball python (D:2)
  A frilled lizard (D:3)
  4 rats
42 creatures vanquished.

Vanquished Creatures (collateral kills)
  A goblin (D:4)
  3 jackals
4 creatures vanquished.

Vanquished Creatures (others)
  158 foxfires
158 creatures vanquished.

Grand Total: 204 creatures vanquished

Notes
Turn   | Place    | Note
-------+----------+-------------------------------------------
     0 | D:1      | grimtooth the Djinni Fire Elementalist began the quest for
                  | the Orb.
     0 | D:1      | Reached XP level 1. HP: 15/15 MP: 0/0
   504 | D:1      | Reached XP level 2. HP: 14/21 MP: 0/0
   510 | D:1      | - oops
  1220 | D:2      | Reached skill level 1 in Fighting
  1510 | D:2      | Reached XP level 3. HP: 24/27 MP: 0/0
  1510 | D:2      | Learned a level 1 spell: Animate Skeleton
  1988 | D:3      | Noticed Grinder
  2021 | D:3      | Found a glowing golden altar of the Shining One.
  2183 | D:3      | Noticed a scorpion
  2197 | D:3      | Killed a scorpion
  2198 | D:3      | Reached skill level 3 in Spellcasting
  2198 | D:3      | Reached XP level 4. HP: 20/33 MP: 0/0
  2331 | D:3      | Reached XP level 5. HP: 37/38 MP: 0/0
  2331 | D:3      | Learned a level 2 spell: Call Imp
  2493 | D:3      | Paralysed by Grinder for 6 turns
  2739 | D:4      | Noticed a black bear
  2746 | D:4      | Killed a black bear
  2747 | D:4      | Reached skill level 4 in Spellcasting
  2747 | D:4      | Reached XP level 6. HP: 38/46 MP: 0/0
  2860 | D:4      | Found an opulent altar of Gozag.
  3779 | D:4      | Reached XP level 7. HP: 46/50 MP: 0/0
  3779 | D:4      | Learned a level 3 spell: Swiftness
  3907 | D:4      | Found a staircase to the Ecumenical Temple.
  3934 | D:4      | - aw crap
  3935 | D:4      | HP: 2/50 [something (1)]
  3936 | D:4      | Slain by an orc

Illustrated notes

...##...........##..######.######
...#.............#.........# #
#...§.........##..#######
#.§§..........#≈#..##
≈.§....<......≈§§#..# #####
#.§...........#≈#..## #....
#.............##..## ##....
#.............#..## #.....
##...........##..########...>. .
#≈#........h#h#............... ..
#≈≈#...†...#h@#...##########.#
#..#######.#######. #.#
#.......#...#..... #.#
#(...h...#.#..... #.#
####.#.#..#..#### #####.#
#.##...## #.....# #h###..#
#.###.# .#(# ##.# #.# #.#
#.§h.####.# #.# #.#
.hhh§.......### ######.###.#
###...........# #..........#


Turn 510 on D:1: - oops ......'..)>....#.# ......##.†####.#.###
......##..#.##.....# ......##....##.#†#.# ..###.###.#....#.#.# ..
#..##.######.#.# . ##.##.##.....#.# ...#.....##.#####.# .P...........# ..#.#
.>....#.#.#..###{#.# ..Po#.........Zo@#.# .P..#.#...#.######.# #..
#.#.....#......# #.. #.##.Z###.###### ...># #.# .....# #)######### .....#
#.........# # ...... #########.# # #.##.# # #.##.# # #....# Turn 3934 on D:4: -
aw crap

Levels and vault maps discovered:
D:1:      psy_arrival_dodecagon, layout_loops_ring
D:2:      wander_river, layout_loops_cross, roderic_lattice_a
D:3:      layout_loops_corners, gammafunk_temple_overflow_pools, uniq_grinder
D:4:      layout_basic, general_overflow_altar, minmay_temple_entry_overgrown,
          minivault_4, uniq_ijyb

Skill      XL: |  1  2  3  4  5 |
---------------+----------------+-----
Fighting       | 1 2 3 |  3.5
Spellcasting   | 3 4 |  4.7
Dodging        | |  2.4
Stealth        | |  1.7

Action                   |  1- 3 |  4- 6 |  7- 9 || total
-------------------------+-------+-------+-------++-------
Melee: Unarmed           |     5 |       |       ||     5
       Dagger            |       |    20 |     8 ||    28
 Cast: Foxfire           |    46 |    44 |     7 ||    97
       Animate Skeleton  |     1 |     6 |       ||     7
       Call Imp          |       |     3 |       ||     3
  Use: Scroll            |     2 |       |       ||     2
       Potion            |       |       |     1 ||     1
Armor: Robe              |     7 |     8 |     1 ||    16
Dodge: Dodged            |    16 |    38 |     8 ||    62
